 Dungeon Crawl Stone Soup version 0.27-a0-1359-ga2a4dfd6fd (webtiles) character file.

Game seed: 17984730536810190889

23 sanka the Chopper (level 2, -1/25 HPs)
             Began as a Palentonga Abyssal Knight on June 28, 2021.
             Was a Follower of Lugonu.
             Succumbed to an adder's poison
             ... on level 2 of the Dungeon.
             The game lasted 00:01:48 (1245 turns).

sanka the Chopper (Palentonga Abyssal Knight)       Turns: 1245, Time: 00:01:48

Health: -1/25      AC:  4    Str: 15    XL:     2   Next: 75%
Magic:  3/3        EV:  9    Int: 12    God:    Lugonu [*.....]
Gold:   22         SH:  0    Dex:  9    Spells: 1/1 levels left

rFire    . . .     SeeInvis +   a - +1 hand axe
rCold    . . .     Faith    .   (no shield)
rNeg     . . .     Spirit   .   b - +0 leather armour
rPois    .         Reflect  .   (no helmet)
rElec    .         Harm     .   (no cloak)
rCorr    .         Rampage  .   (no gloves)
Will     .....                  (no barding)
Stlth    +.........             (no amulet)
HPRegen  0.08/turn              (no ring)
MPRegen  0.08/turn              (no ring)

@: lethally poisoned (-1 -> -10)
A: large, rugged brown scales 3, see invisible, deformed body, roll 1, armoured
tail
a: Rolling Charge, Renounce Religion, Depart the Abyss


You were on level 2 of the Dungeon.
You worshipped Lugonu.
Lugonu was aware of your devotion.
You visited 1 branch of the dungeon, and saw 2 of its levels.
You visited the Abyss 1 time.

You collected 22 gold pieces.


Innate Abilities, Weirdness & Mutations

You are completely covered in rugged brown scales. (AC +3, +7% HP)
You have supernaturally acute eyesight. (SInv)
Armour fits poorly on your strangely shaped body.
You can roll at nearby foes to attack.
You have a long armoured tail.


   Skills:
 - Level 3.0 Fighting
 + Level 3.3 Axes
 - Level 1.5 Armour
 - Level 0.7 Dodging
 - Level 2.0 Invocations


You had one spell level left.
You didn't know any spells.
Your spell library was empty.

Inventory:

Hand Weapons
 a - a +1 hand axe (weapon)
Armour
 b - a +0 leather armour (worn)
Magical Staves
 g - a staff of death
Scrolls
 c - a scroll of holy word {unknown}
 e - 3 scrolls of identify {unknown}
 f - a scroll of enchant weapon {unknown}
 h - a scroll of acquirement {unknown}

Dungeon Overview and Level Annotations

Branches:
Dungeon (2/15)

Altars:

Shops:
D:2

:
............'...>+.
▒▒▒▒▒▒.▒.▒▒▒...▒▒.
▒.▒.▒ ▒...▒▒.
▒▒▒▒▒▒▒▒▒ ▒.▒.▒
▒...▒▒. ........▒
▒.▒.▒ ▒...▒▒.
........▒▒▒▒.▒.▒
▒...▒▒▒
.............▒.▒
▒...▒ ▒
.............▒.▒
▒...▒ ▒
.......H.....▒.▒
▒▒▒▒▒
▒▒▒▒▒▒▒S▒▒▒▒.▒ ▒b▒
▒.▒ .J. ▒.▒ ... ▒.▒
..... ▒.. .....
▒▒▒▒▒.▒


You could see an adder, an endoplasm and a bat.


Message History

The adder is heavily wounded.
You feel sick. The adder bites you.
* * * LOW HITPOINT WARNING * * *
You are more poisoned.
The adder poisons you! The adder bites you but does no damage.
You miss the adder.
The adder is heavily wounded.
* * * LOW HITPOINT WARNING * * *
You feel very sick. The adder barely misses you.
You miss the adder.
The adder is heavily wounded.
* * * LOW HITPOINT WARNING * * *
You feel sick. The adder bites you.
* * * LOW HITPOINT WARNING * * *
You are more poisoned.
The adder poisons you! The adder barely misses you.
You hit the adder but do no damage.
The adder is heavily wounded.
* * * LOW HITPOINT WARNING * * *
You feel very sick. The adder closely misses you.
Unknown command.
You miss the adder.
The adder is heavily wounded.
You die...

Action                   || total
-------------------------++-------
Melee: Hand axe          ||    63
       Tailslap          ||     4
 Abil: Rolling Charge    ||     8
  Use: Potion            ||     1
Armor: Leather armour    ||    22
Dodge: Dodged            ||    23

Levels and vault maps discovered:
D:1:      lemuel_arrival_river_bridge, layout_basic,
          shapermc_ecumenical_altar_mp_vishouse
D:2:      layout_basic, serial_shops, shop, minmay_misc_feat_more_columns

Notes
Turn   | Place    | Note
-------+----------+-------------------------------------------
     0 | Abyss:1  | sanka the Palentonga Abyssal Knight began the quest for the
                  | Orb.
     0 | Abyss:1  | Reached XP level 1. HP: 19/19 MP: 2/2
    14 | D:1      | Escaped the Abyss
   232 | D:1      | Reached XP level 2. HP: 25/25 MP: 3/3
   421 | D:1      | Reached skill level 3 in Axes
   623 | D:1      | Found a faded altar of an unknown god.
   846 | D:2      | Found Uroa's Book Emporium.
  1239 | D:2      | HP: 1/25 [poisoned by an adder]
  1244 | D:2      | HP: 1/25 [poisoned by an adder]
  1245 | D:2      | Succumbed to an adder's poison

Vanquished Creatures
  A dart slug (D:1)
  3 bats
  An endoplasm (D:1)
  A giant cockroach (D:1)
  3 hobgoblins (D:1)
  2 quokkas
  3 ball pythons (D:1)
  2 goblins (D:1)
  4 rats
20 creatures vanquished.
